[Event "Titled Tuesday Blitz March 22 Early 2022"]
[White "Araujo Filho, Luiz Antonio Coel"]
[Black "Koellner, Ruben Gideon"]
[WhiteFideId "2130661"]
[BlackFideId "12993093"]
[WhiteElo "2261"]
[BlackElo "2512"]
[Result "0-1"]
[Round "09"]
[TimeControl "180+1"]
[Date "2022.03.22"]
[WhiteClock "0:00:02"]
[BlackClock "0:01:32"]

1. d4 d6 2. Nf3 Nf6 3. c4 g6 4. Nc3 Bf5 5. Qb3 b6 6. e3 Bg7 7. Be2 O-O 8. O-O c5 9. d5 Na6 10. a3 Nc7 11. Nd2 Rb8 12. e4 Bd7 13. a4 a6 14. f4 e6 15. e5 Nfe8 16. Nf3 exd5 17. cxd5 b5 18. Qd1 b4 19. Ne4 Bf5 20. exd6 Bxe4 21. dxc7 Nxc7 22. d6 Nd5 23. Bxa6 Qxd6 24. Bc4 Rbd8 25. Qb3 Nb6 26. Ne5 Bxe5 27. fxe5 Qd4+ 28. Be3 Qxc4 29. Qxc4 Nxc4 30. Bxc5 Rfe8 31. a5 Ra8 32. a6 Nxb2 0-1


[Site "https://www.chess.com"]

[Event "Titled Tuesday Blitz March 22 Early 2022"]
[White "Aravindh, Chithambaram VR."]
[Black "Ljukin, Sergei"]
[WhiteFideId "5072786"]
[BlackFideId "14102200"]
[WhiteElo "2561"]
[BlackElo "2312"]
[Result "1-0"]
[Round "09"]
[TimeControl "180+1"]
[Date "2022.03.22"]
[WhiteClock "0:02:31"]
[BlackClock "0:00:56"]

1. b3 e5 2. Bb2 Nc6 3. e3 Nf6 4. Bb5 Bd6 5. Na3 Na5 6. Nf3 Qe7 7. Nc4 Nxc4 8. Bxc4 c6 9. d4 e4 10. Ng5 h6 11. Nxf7 1-0


[Site "https://www.chess.com"]

[Event "Titled Tuesday Blitz March 22 Early 2022"]
[White "Ardila, Oscar Humberto"]
[Black "Tsyhanchuk, Stanislav"]
[WhiteFideId "4404742"]
[BlackFideId "13505130"]
[WhiteElo "1966"]
[BlackElo "2078"]
[Result "0-1"]
[Round "09"]
[TimeControl "180+1"]
[Date "2022.03.22"]
[WhiteClock "0:00:11"]
[BlackClock "0:00:08"]

1. d4 d5 2. c4 c6 3. Nf3 Nf6 4. Nc3 dxc4 5. a4 Bf5 6. e3 e6 7. Bxc4 Nbd7 8. O-O Bb4 9. Bd2 Bg6 10. Qb3 a5 11. Rac1 O-O 12. Rfd1 Qe7 13. Be1 Bh5 14. Be2 Rac8 15. Na2 Bxe1 16. Rxe1 Rb8 17. Qc3 Nd5 18. Qb3 Qd6 19. Nd2 Bxe2 20. Rxe2 b5 21. Ne4 Qc7 22. Rec2 bxa4 23. Qxa4 Qb7 24. Nd6 Qb3 25. Qxc6 N7f6 26. Qc4 Qxc4 27. Nxc4 g6 28. f3 Rfc8 29. e4 Nf4 30. Rd1 Rc7 31. g3 Ne2+ 32. Rxe2 Rxc4 33. Nc3 Rcb4 34. Rdd2 a4 35. Kf2 Rc4 36. Ke3 a3 37. Kd3 axb2 38. Kxc4 Rc8+ 39. Kd3 Rxc3+ 40. Kxc3 b1=Q 41. Kc4 Qc1+ 42. Kb4 Qb1+ 43. Kc5 Qc1+ 44. Kd6 Qa3+ 45. Kc7 Kg7 46. d5 Qe7+ 47. Kb6 exd5 48. exd5 Qd6+ 49. Kb5 Nxd5 50. Kc4 Ne3+ 51. Kc3 Qc5+ 52. Kd3 Nf5 53. g4 Qd4+ 54. Kc2 Ne3+ 55. Kc1 Qc3+ 56. Kb1 Nc4 57. Rc2 Na3+ 58. Kc1 Nxc2 59. Rxc2 Qxf3 60. Kb2 Qf4 61. Kb3 Qxg4 62. Kc3 Qc8+ 63. Kd3 Qxc2+ 64. Kxc2 f5 0-1


[Site "https://www.chess.com"]

[Event "Titled Tuesday Blitz March 22 Early 2022"]
[White "Artemenko, Oleg"]
[Black "Kosteniuk, Alexandra"]
[WhiteFideId "14201798"]
[BlackFideId "4128125"]
[WhiteElo "2287"]
[BlackElo "2469"]
[Result "0-1"]
[Round "09"]
[TimeControl "180+1"]
[Date "2022.03.22"]
[WhiteClock "0:00:36"]
[BlackClock "0:00:22"]

1. d4 Nf6 2. Nc3 d5 3. Bf4 c5 4. e3 cxd4 5. exd4 Bg4 6. Nf3 Nc6 7. Be2 e6 8. O-O Bd6 9. Bxd6 Qxd6 10. h3 Bxf3 11. Bxf3 O-O 12. Ne2 Ne4 13. c3 f5 14. Nc1 g5 15. Nd3 Kh8 16. Re1 Rf6 17. g3 Rg8 18. Bg2 Rgf8 19. Ne5 Kg8 20. Qh5 Nxe5 21. dxe5 Qxe5 22. f3 Qxg3 23. fxe4 fxe4 24. Qg4 Qxg4 25. hxg4 Rf2 26. Rad1 Rxb2 27. c4 Rff2 28. Bh1 Rfd2 29. cxd5 exd5 30. Rc1 Rbc2 31. Rxc2 Rxc2 32. Rd1 Rc5 33. Kf2 Kf7 34. Ke3 Ke6 35. Bg2 Ke5 36. Rf1 d4+ 37. Kd2 e3+ 38. Kd1 e2+ 39. Kxe2 Rc2+ 40. Kd3 Rxg2 41. Rf5+ Kd6 42. Rxg5 Rxa2 43. Rg7 Kc6 44. Rxh7 Ra3+ 45. Ke4 d3 46. Rh2 Ra4+ 47. Kf5 Rd4 48. Rd2 Kc5 49. g5 Kc4 50. g6 Kc3 51. g7 Rd8 52. Ra2 d2 53. Ra1 Kb2 54. Rg1 Kc2 55. Rg2 Kc1 56. Rg1+ d1=Q 57. Rxd1+ Kxd1 58. Kf6 a5 59. Ke7 Ra8 60. Kd6 a4 61. Kc7 a3 62. Kxb7 Rg8 63. Kc6 a2 64. Kb5 a1=Q 65. Kc4 Qxg7 66. Kd3 Rd8+ 67. Ke3 Qe5+ 68. Kf2 Rf8+ 69. Kg2 Qg7+ 0-1


[Site "https://www.chess.com"]

[Event "Titled Tuesday Blitz March 22 Early 2022"]
[White "Atakhan, Abtin"]
[Black "Timofeev, Artyom"]
[WhiteFideId "22502203"]
[BlackFideId "4140419"]
[WhiteElo "2119"]
[BlackElo "2594"]
[Result "0-1"]
[Round "09"]
[TimeControl "180+1"]
[Date "2022.03.22"]
[WhiteClock "0:01:42"]
[BlackClock "0:02:07"]

1. c4 e5 2. g3 f5 3. Bg2 Nf6 4. Nf3 Nc6 5. d4 e4 6. Nh4 d5 7. cxd5 Nxd5 8. f3 Bb4+ 9. Kf1 O-O 10. e3 Be7 11. Ke2 Bxh4 12. gxh4 Qxh4 13. Qe1 exf3+ 14. Bxf3 Nxd4+ 15. exd4 Re8+ 16. Kd2 Qxd4+ 17. Kc2 Rxe1 18. Rxe1 Qf2+ 0-1


[Site "https://www.chess.com"]

[Event "Titled Tuesday Blitz March 22 Early 2022"]
[White "Babazada, Khazar"]
[Black "Hakobyan, Aram"]
[WhiteFideId "13413554"]
[BlackFideId "13306677"]
[WhiteElo "2418"]
[BlackElo "2557"]
[Result "1/2-1/2"]
[Round "09"]
[TimeControl "180+1"]
[Date "2022.03.22"]
[WhiteClock "0:00:05"]
[BlackClock "0:00:02"]

1. Nf3 d5 2. g3 e6 3. Bg2 Be7 4. O-O Nf6 5. b3 O-O 6. Bb2 c5 7. d3 Nc6 8. Nbd2 d4 9. e4 e5 10. Nc4 Nd7 11. a4 b6 12. Nfd2 Rb8 13. f4 a6 14. Qh5 Nf6 15. Qe2 Nd7 16. Qh5 b5 17. axb5 axb5 18. Nxe5 Ndxe5 19. fxe5 g6 20. Qe2 Nxe5 21. h3 Be6 22. Nf3 Bd6 23. g4 Nxf3+ 24. Qxf3 Be5 25. Bc1 Qd6 26. Bh6 Rfc8 27. Rf2 c4 28. bxc4 bxc4 29. Raf1 cxd3 30. cxd3 Rc3 31. Rd1 Rbb3 32. Bf1 Ra3 33. Rb1 Rcb3 34. Rc1 Rb8 35. Rfc2 Rc3 36. Bd2 Bb3 37. Rb2 Rxc1 38. Bxc1 Be6 39. Rxb8+ Qxb8 40. Qf2 f6 41. g5 fxg5 42. Bxg5 Kg7 43. Qh4 h5 44. Qf2 Qe8 45. h4 Qd7 46. Bf4 Qd6 47. Bg5 Qb8 48. Be2 Qb1+ 49. Kg2 Bg4 50. Bf4 Bxf4 51. Qxf4 Qc2 52. Qe5+ Kf7 53. Qd5+ Ke7 54. Qe5+ Kd7 55. Qxd4+ Kc6 56. Qd5+ Kb6 57. Qd6+ Kb5 58. Qd5+ Kb4 59. Qd4+ Kb3 60. Qb6+ Ka2 61. Qa5+ Kb1 62. Qe1+ Kb2 63. Kf2 Qc5+ 64. Kg2 Qc2 65. Kf2 Qc5+ 66. Kg2 Qc2 1/2-1/2


[Site "https://www.chess.com"]

[Event "Titled Tuesday Blitz March 22 Early 2022"]
[White "Batsiashvili, Nino"]
[Black "Baker, Chris W"]
[WhiteFideId "13602993"]
[BlackFideId "401676"]
[WhiteElo "2192"]
[BlackElo "2306"]
[Result "1-0"]
[Round "09"]
[TimeControl "180+1"]
[Date "2022.03.22"]
[WhiteClock "0:00:51"]
[BlackClock "0:00:11"]

1. d4 e6 2. Nf3 f5 3. c4 Nf6 4. Nc3 Be7 5. g3 O-O 6. Bg2 d6 7. O-O Ne4 8. Nxe4 fxe4 9. Ne1 d5 10. f3 c5 11. cxd5 cxd4 12. Qxd4 Nc6 13. Qxe4 exd5 14. Qa4 Bf5 15. Be3 d4 16. Bf2 Kh8 17. Nc2 Bf6 18. Rad1 b5 19. Qxb5 Bxc2 20. Rd2 Rb8 21. Qxc6 d3 22. exd3 Rc8 23. Qb7 Bxd3 24. Rfd1 1-0


[Site "https://www.chess.com"]

[Event "Titled Tuesday Blitz March 22 Early 2022"]
[White "Bintang, Rasyid A. Hidayat"]
[Black "Mena, Ailen Oriana"]
[WhiteFideId "7105355"]
[BlackFideId "3902773"]
[WhiteElo "2375"]
[BlackElo "1534"]
[Result "1-0"]
[Round "09"]
[TimeControl "180+1"]
[Date "2022.03.22"]
[WhiteClock "0:00:38"]
[BlackClock "0:00:02"]

1. d4 d5 2. Bf4 Nf6 3. e3 e6 4. Nd2 c5 5. Ngf3 Bd6 6. dxc5 Bxc5 7. Bd3 O-O 8. c3 b6 9. O-O Bb7 10. Qe2 Nbd7 11. e4 dxe4 12. Nxe4 Nxe4 13. Bxe4 Bxe4 14. Qxe4 Nf6 15. Qe2 Nd5 16. Bg3 Qf6 17. Qe5 Rfd8 18. Rfd1 Rac8 19. Qe4 Qg6 20. Qxg6 hxg6 21. Be5 f6 22. Bd4 Kf7 23. Bxc5 Rxc5 24. Rd3 Re8 25. Rad1 Nf4 26. Rd7+ Re7 27. g3 Nd5 28. Rxe7+ Kxe7 29. Nd4 a5 30. Re1 e5 31. f4 Kd6 32. fxe5+ fxe5 33. Nf3 Nf6 34. Rd1+ Rd5 35. Re1 e4 36. Nd4 b5 37. Rd1 b4 38. c4 Rh5 39. Nb5+ Ke5 40. Nc7 e3 41. Nb5 Ke4 42. Nd6+ Kf3 43. Rd4 1-0


[Site "https://www.chess.com"]

[Event "Titled Tuesday Blitz March 22 Early 2022"]
[White "Bodnaruk, Anastasia"]
[Black "Manolache, Marius"]
[WhiteFideId "4181751"]
[BlackFideId "1201530"]
[WhiteElo "2393"]
[BlackElo "2389"]
[Result "0-1"]
[Round "09"]
[TimeControl "180+1"]
[Date "2022.03.22"]
[WhiteClock "0:00:03"]
[BlackClock "0:01:09"]

1. e4 c5 2. Nc3 a6 3. Nge2 Nc6 4. d4 cxd4 5. Nxd4 e6 6. Nxc6 bxc6 7. Bd3 d5 8. O-O Nf6 9. Re1 Be7 10. e5 Nd7 11. Na4 a5 12. c4 g6 13. Bh6 Bg5 14. Bxg5 Qxg5 15. Qe2 Rb8 16. Rac1 h5 17. cxd5 cxd5 18. Bb5 O-O 19. Rxc8 Rfxc8 20. Bxd7 Rc1 21. Rxc1 Qxc1+ 22. Qf1 Qf4 23. Qe2 Rb4 24. g3 Qc1+ 25. Kg2 Re4 26. Qb5 Re1 27. Be8 Rg1+ 28. Kh3 Qg5 29. Bxf7+ Kxf7 30. Qd7+ Qe7 31. Qc6 g5 32. f3 Kg6 33. Nb6 g4+ 34. fxg4 hxg4+ 35. Kxg4 Qg5+ 36. Kf3 Qf5+ 37. Ke2 Qe4+ 38. Kd2 Qd4+ 39. Ke2 Rg2+ 40. Kf3 Rf2# 0-1


[Site "https://www.chess.com"]

[Event "Titled Tuesday Blitz March 22 Early 2022"]
[White "Boros, Denes"]
[Black "Rastbod, Ali"]
[WhiteFideId "722340"]
[BlackFideId "12567477"]
[WhiteElo "2464"]
[BlackElo "2200"]
[Result "1-0"]
[Round "09"]
[TimeControl "180+1"]
[Date "2022.03.22"]
[WhiteClock "0:00:27"]
[BlackClock "0:00:02"]

1. e4 e6 2. c4 d5 3. cxd5 exd5 4. exd5 Nf6 5. Bb5+ Nbd7 6. Nc3 Bd6 7. Nf3 O-O 8. O-O Nb6 9. d4 h6 10. Ne5 Nbxd5 11. a3 c6 12. Bd3 Be6 13. Re1 Re8 14. Bc2 Rc8 15. Qf3 Qb6 16. Nxd5 Bxd5 17. Qd3 c5 18. Bxh6 gxh6 19. Nd7 Bxh2+ 20. Kxh2 Qd6+ 21. Ne5 Re6 22. Qg3+ Kf8 23. Bf5 Rce8 24. dxc5 Qxc5 25. Bxe6 Rxe6 26. Rac1 Qd4 27. Rc8+ Ke7 28. Rc7+ Ke8 29. f4 Qxb2 30. Qg7 Re7 31. Qh8+ 1-0


[Site "https://www.chess.com"]

[Event "Titled Tuesday Blitz March 22 Early 2022"]
[White "Cavanah, Troy"]
[Black "Saravana, Krishnan P."]
[WhiteFideId "30949670"]
[BlackFideId "5018382"]
[WhiteElo "1878"]
[BlackElo "2210"]
[Result "0-1"]
[Round "09"]
[TimeControl "180+1"]
[Date "2022.03.22"]
[WhiteClock "0:01:42"]
[BlackClock "0:02:00"]

1. e4 c6 2. d4 d5 3. e5 Bf5 4. Nf3 e6 5. Be2 Nd7 6. O-O h6 7. Nbd2 Ne7 8. Nb3 g5 9. Ne1 Bg6 10. Bd2 a6 11. a4 c5 12. c4 cxd4 13. Nxd4 Nxe5 14. a5 Nxc4 15. Bxc4 dxc4 16. Qa4+ Qd7 17. Qxc4 Rc8 18. Qa4 Bg7 19. Qxd7+ Kxd7 20. Bc3 Nd5 21. Rd1 Nxc3 22. bxc3 Ke7 23. Nef3 Rxc3 24. Rfe1 Rd8 25. h4 g4 26. Ne5 Bxe5 27. Rxe5 Rc4 28. h5 Bh7 0-1


[Site "https://www.chess.com"]

[Event "Titled Tuesday Blitz March 22 Early 2022"]
[White "Chen, Qi b"]
[Black "Garv Gaur"]
[WhiteFideId "8614733"]
[BlackFideId "45030839"]
[WhiteElo "2432"]
[BlackElo "1950"]
[Result "0-1"]
[Round "09"]
[TimeControl "180+1"]
[Date "2022.03.22"]
[WhiteClock "0:00:02"]
[BlackClock "0:00:12"]

1. e4 c6 2. Nf3 d5 3. d3 Bg4 4. h3 Bxf3 5. Qxf3 e6 6. g3 Nf6 7. Bg2 h5 8. O-O Bc5 9. Re1 Nbd7 10. exd5 cxd5 11. c3 Qc7 12. d4 Bd6 13. Na3 a6 14. b3 Ne4 15. c4 Qa5 16. Nc2 Ndf6 17. c5 Bb8 18. b4 Qa4 19. Qb3 Qd7 20. a4 Bc7 21. h4 O-O 22. Re2 Rae8 23. b5 e5 24. Bb2 exd4 25. Bxd4 Ng4 26. Rae1 f5 27. Nb4 Kh7 28. Qxd5 Qe7 29. Qxb7 Bxg3 30. Qxe7 Bh2+ 31. Kf1 Rxe7 32. Nc6 Re6 33. Ba1 Rfe8 34. Nd4 Nd2+ 35. Rxd2 Rxe1# 0-1


[Site "https://www.chess.com"]

[Event "Titled Tuesday Blitz March 22 Early 2022"]
[White "Chigaev, Maksim"]
[Black "Martin Duque, Jesus"]
[WhiteFideId "4108116"]
[BlackFideId "2208954"]
[WhiteElo "2502"]
[BlackElo "2243"]
[Result "1-0"]
[Round "09"]
[TimeControl "180+1"]
[Date "2022.03.22"]
[WhiteClock "0:00:12"]
[BlackClock "0:00:15"]

1. d4 Nf6 2. c4 b6 3. Nf3 Bb7 4. Nc3 e6 5. g3 Bb4 6. Bg2 Bxc3+ 7. bxc3 h6 8. O-O O-O 9. Re1 d6 10. Bf1 Qe7 11. Nd2 Nc6 12. e4 e5 13. d5 Na5 14. Nb3 Nxb3 15. axb3 Nd7 16. b4 a5 17. Be3 c5 18. dxc6 Bxc6 19. Qd3 f5 20. exf5 e4 21. Qd4 Ne5 22. Bg2 a4 23. Bf4 Rxf5 24. Bxe5 Rxe5 25. Qxb6 Be8 26. Qd4 Bg6 27. f4 exf3 28. Rxe5 Qxe5 29. Bxf3 Ra6 30. b5 Ra5 31. Qxe5 dxe5 32. b6 Ra6 33. c5 Ra5 34. c4 e4 35. Bg4 Ra8 36. b7 Rb8 37. c6 1-0


[Site "https://www.chess.com"]

[Event "Titled Tuesday Blitz March 22 Early 2022"]
[White "Daneshvar, Bardiya"]
[Black "Matlakov, Maxim"]
[WhiteFideId "12576468"]
[BlackFideId "4168003"]
[WhiteElo "2295"]
[BlackElo "2669"]
[Result "1/2-1/2"]
[Round "09"]
[TimeControl "180+1"]
[Date "2022.03.22"]
[WhiteClock "0:00:13"]
[BlackClock "0:00:06"]

1. d4 Nf6 2. c4 e6 3. Nf3 d5 4. Nc3 Bb4 5. Qa4+ Nc6 6. e3 O-O 7. Bd2 dxc4 8. Bxc4 Bd6 9. Qc2 a6 10. Ne4 Nb4 11. Nxf6+ Qxf6 12. Qb3 a5 13. a3 a4 14. Qd1 Nc6 15. Bb5 Bd7 16. Bxa4 e5 17. Bc3 exd4 18. Nxd4 Qg6 19. Nxc6 Qxg2 20. Rf1 bxc6 21. Bc2 Bh3 22. Qd3 Qxf1+ 23. Qxf1 Bxf1 24. Kxf1 Rfe8 25. Rc1 Be5 26. Bd3 c5 27. Bb5 Re7 28. a4 g6 29. Ke2 Rb8 30. b3 Bxc3 31. Rxc3 Re5 32. Kf3 Rh5 33. Kg3 Rb6 34. f4 Rd5 35. Bc4 Rd8 36. a5 Rb4 37. a6 Ra8 38. Rd3 Rxc4 39. bxc4 Rxa6 40. Rd5 Ra5 41. Kg4 h6 42. e4 Kf8 43. Rd7 Ra4 44. Rxc7 Rxc4 45. Kf3 Rc3+ 46. Kg4 Rc4 47. Kf3 Rc1 48. e5 c4 49. h4 h5 50. Ke4 c3 51. Kd3 Rf1 52. Ke3 Rc1 53. Kd3 Rh1 54. Rxc3 Rxh4 55. Ke4 g5 56. Kf5 Rxf4+ 57. Kxg5 Re4 58. Kf6 Rf4+ 59. Kg5 Rf1 60. Rh3 Ke7 61. Rxh5 Ke6 62. Kg4 Rf2 63. Kg3 Rf5 64. Rh8 Kxe5 65. Kg2 Rf4 66. Ra8 Kf5 67. Ra5+ Kg4 68. Ra3 f5 69. Rg3+ Kh4 70. Ra3 Kg5 71. Kh2 Rg4 72. Rb3 Kf4 73. Ra3 Ke5 74. Ra5+ Ke4 75. Ra4+ Kf3 76. Ra3+ Kf4 77. Ra4+ Kg5 78. Ra3 Kf6 79. Ra6+ Kg5 80. Ra3 Kh6 81. Ra6+ Kh5 82. Ra3 Kg5 83. Ra6 Kf4 84. Ra4+ Ke5 85. Ra5+ Ke6 86. Ra6+ Kf7 87. Ra5 Kf6 88. Ra6+ Kg5 89. Ra3 1/2-1/2


[Site "https://www.chess.com"]

[Event "Titled Tuesday Blitz March 22 Early 2022"]
[White "Danilenko, Dmitriy"]
[Black "Zhigalko, Sergei"]
[WhiteFideId "14120844"]
[BlackFideId "13502956"]
[WhiteElo "2606"]
[BlackElo "2662"]
[Result "1-0"]
[Round "09"]
[TimeControl "180+1"]
[Date "2022.03.22"]
[WhiteClock "0:00:18"]
[BlackClock "0:00:01"]

1. e4 c5 2. Nc3 Nc6 3. Bb5 Nd4 4. Bc4 e6 5. Nf3 Qc7 6. O-O a6 7. a4 Nf6 8. d3 Bd6 9. g3 Nxf3+ 10. Qxf3 O-O 11. Bg5 Be5 12. a5 d6 13. Bf4 Nd7 14. Bd2 Bf6 15. Na4 Rb8 16. Qe2 Ne5 17. Bc3 d5 18. exd5 exd5 19. Bxd5 Bh3 20. Bg2 Bxg2 21. Kxg2 Rfe8 22. Rfe1 Qc6+ 23. f3 Nc4 24. Qf2 Rxe1 25. Rxe1 Qxa4 26. Bxf6 gxf6 27. dxc4 Qxc4 28. Re4 Qd5 29. Qe2 Rd8 30. c3 Kf8 31. Qe3 Qd2+ 32. Qe2 f5 33. Re3 Rd6 34. Kf2 Kg7 35. Qxd2 Rxd2+ 36. Re2 Rd1 37. Ke3 Kf6 38. Kf4 Ra1 39. Re5 Rxa5 40. Rxf5+ Kg6 41. Rd5 Rb5 42. Rd2 Kf6 43. g4 a5 44. h4 a4 45. h5 h6 46. Ke4 Ke6 47. f4 Rb6 48. g5 f5+ 49. gxf6 Kxf6 50. Kd5 Rc6 51. Kc4 Kf5 52. Kb5 Kxf4 53. Kxa4 Kg5 54. Rd5+ Kg4 55. Kb5 Rc8 56. c4 1-0


[Site "https://www.chess.com"]

[Event "Titled Tuesday Blitz March 22 Early 2022"]
[White "Deac, Bogdan-Daniel"]
[Black "Kobalia, Mikhail"]
[WhiteFideId "1226380"]
[BlackFideId "4119150"]
[WhiteElo "2646"]
[BlackElo "2667"]
[Result "1/2-1/2"]
[Round "09"]
[TimeControl "180+1"]
[Date "2022.03.22"]
[WhiteClock "0:00:05"]
[BlackClock "0:00:12"]

1. d4 d5 2. Nf3 Nf6 3. Bf4 c5 4. e3 Nc6 5. Nbd2 cxd4 6. exd4 Bg4 7. c3 e6 8. Qb3 Bd6 9. Bg3 O-O 10. Be2 Rb8 11. a4 a6 12. O-O Bxg3 13. hxg3 Ne4 14. Qc2 Nxd2 15. Qxd2 Na5 16. Qf4 Bxf3 17. gxf3 Rc8 18. Bd3 h6 19. Qe3 Nc4 20. Qe2 b5 21. f4 b4 22. cxb4 Qb6 23. b3 Nd6 24. Qd2 Kh8 25. Rfd1 Rb8 26. Qe3 Qxb4 27. Bxa6 Nf5 28. Qe5 Qxb3 29. Bd3 Ra8 30. a5 Qc3 31. Bxf5 exf5 32. Qxd5 Rfd8 33. Qxf5 Rxd4 34. Rdc1 Qd2 35. Qxf7 Rxa5 36. Rc8+ Rd8 37. Rac1 Ra8 38. R8c7 Qd4 39. f5 Rf8 40. Qe6 Qf6 41. Qxf6 Rxf6 42. g4 h5 43. f3 hxg4 44. fxg4 Ra4 45. Rc8+ Kh7 46. Kf2 Rxg4 47. Rh1+ Rh6 48. Rxh6+ Kxh6 49. Kf3 Rg1 50. Kf4 Rf1+ 1/2-1/2


[Site "https://www.chess.com"]

[Event "Titled Tuesday Blitz March 22 Early 2022"]
[White "Dilmukhametov, Artur"]
[Black "Stanisz, Patryk"]
[WhiteFideId "24179922"]
[BlackFideId "1123106"]
[WhiteElo "2237"]
[BlackElo "1876"]
[Result "0-1"]
[Round "09"]
[TimeControl "180+1"]
[Date "2022.03.22"]
[WhiteClock "0:00:52"]
[BlackClock "0:00:22"]

1. d4 b6 2. Nc3 Ba6 3. Nf3 g6 4. Bf4 Bg7 5. Qd2 h5 6. h4 d6 7. O-O-O Nd7 8. e4 Bxf1 9. Rhxf1 Ngf6 10. Bg5 c5 11. d5 Qb8 12. Rfe1 b5 13. a3 b4 14. axb4 cxb4 15. Na2 b3 16. cxb3 Qxb3 17. Kb1 O-O 18. Re3 Qb6 19. e5 Nxe5 20. Nxe5 dxe5 21. Rxe5 Rab8 22. Re2 Rfe8 23. Nc3 a5 24. Bh6 Bh8 25. Rc1 Qb4 26. Rc2 Ng4 27. f3 Nxh6 28. Re4 Qb3 29. g4 Rec8 30. Re3 hxg4 31. fxg4 Nxg4 32. Rg3 Ne5 33. h5 Nc4 34. Qg2 Na3+ 35. Kc1 Qxc2+ 36. Qxc2 Nxc2 37. Kxc2 Bxc3 38. Rxc3 Rxc3+ 39. Kxc3 gxh5 40. Kd2 Rd8 41. Ke2 Rxd5 42. Kf2 Rb5 43. Kg3 Rxb2 44. Kh4 Rb5 45. Kg3 Rb4 46. Kh3 a4 47. Kg3 a3 48. Kf2 a2 49. Ke3 a1=Q 50. Kd3 Qa3+ 51. Kc2 Rb2+ 52. Kd1 Qa1# 0-1


[Site "https://www.chess.com"]

[Event "Titled Tuesday Blitz March 22 Early 2022"]
[White "Dinu, Dumitru-Daniel"]
[Black "Hua, Lefong"]
[WhiteFideId "1208403"]
[BlackFideId "2602253"]
[WhiteElo "2240"]
[BlackElo "2566"]
[Result "0-1"]
[Round "09"]
[TimeControl "180+1"]
[Date "2022.03.22"]
[WhiteClock "0:00:32"]
[BlackClock "0:00:46"]

1. e4 c5 2. Nf3 g6 3. d4 cxd4 4. Nxd4 Bg7 5. c4 Nc6 6. Be3 Nf6 7. Nc3 Ng4 8. Qxg4 Nxd4 9. Qd1 e5 10. Bd3 O-O 11. O-O d6 12. b3 Be6 13. Qd2 Qd7 14. Rad1 a6 15. Ne2 b5 16. cxb5 axb5 17. Nxd4 exd4 18. Bh6 Bxh6 19. Qxh6 Rxa2 20. Rb1 Rc8 21. f4 f5 22. Rf3 Rc3 23. Re1 fxe4 24. Rxe4 Rc1+ 25. Rf1 Raa1 26. Rxc1 Rxc1+ 27. Kf2 Bf5 28. Rxd4 Qa7 29. Bxf5 Qxd4+ 30. Kg3 Rc3+ 31. Kh4 Qf6+ 32. Qg5 Qxg5+ 33. Kxg5 gxf5 0-1


[Site "https://www.chess.com"]

[Event "Titled Tuesday Blitz March 22 Early 2022"]
[White "Dixit, Nikhil"]
[Black "Starozhilov, Leonid"]
[WhiteFideId "5059534"]
[BlackFideId "14106752"]
[WhiteElo "2479"]
[BlackElo "2669"]
[Result "1-0"]
[Round "09"]
[TimeControl "180+1"]
[Date "2022.03.22"]
[WhiteClock "0:00:14"]
[BlackClock "0:00:04"]

1. Nc3 Nf6 2. e4 d6 3. Be2 c5 4. Nf3 Nc6 5. d4 cxd4 6. Nxd4 g6 7. Be3 Bg7 8. O-O O-O 9. Nb3 a5 10. a4 Be6 11. Nd4 Bd7 12. f3 Nxd4 13. Bxd4 Bc6 14. Qd2 Nd7 15. Bxg7 Kxg7 16. Qd4+ f6 17. Rfd1 Qb6 18. Qxb6 Nxb6 19. Rd4 Rfc8 20. Kf2 Nd7 21. Ke3 Nc5 22. Bb5 Rc7 23. Nd5 Bxd5 24. Rxd5 Rac8 25. c3 Nb3 26. Rad1 Rc5 27. f4 Kf7 28. f5 g5 29. Bd7 Rxd5 30. Rxd5 Ra8 31. Be6+ Kg7 32. Rxd6 exd6 33. Bxb3 Kf8 34. Bd5 Rb8 35. Kd4 b5 36. b4 axb4 37. a5 bxc3 38. Kxc3 b4+ 39. Kb3 Rb5 40. Ka4 Rc5 41. a6 b3 42. Bxb3 Rc6 43. Kb5 Rc3 44. Bd5 Ra3 45. Kb6 Ke7 46. a7 Rb3+ 47. Bxb3 1-0


[Site "https://www.chess.com"]

[Event "Titled Tuesday Blitz March 22 Early 2022"]
[White "Donchenko, Alexander"]
[Black "Tari, Aryan"]
[WhiteFideId "24603295"]
[BlackFideId "1510045"]
[WhiteElo "2539"]
[BlackElo "2567"]
[Result "0-1"]
[Round "09"]
[TimeControl "180+1"]
[Date "2022.03.22"]
[WhiteClock "0:00:14"]
[BlackClock "0:00:21"]

1. Nf3 d5 2. d4 Nf6 3. c4 e6 4. g3 Bd6 5. Bg2 O-O 6. O-O h6 7. b3 b6 8. cxd5 exd5 9. Nc3 Bb7 10. Ne5 a6 11. Nc4 Bb4 12. Bb2 Re8 13. Qc2 Bxc3 14. Bxc3 Ne4 15. Ne3 Nd7 16. Bb2 Ndf6 17. Rac1 c6 18. Nf5 Bc8 19. Nh4 Bd7 20. Nf3 Rc8 21. Qd3 c5 22. dxc5 Bb5 23. Qd1 bxc5 24. a4 Bd7 25. Qd3 Qb6 26. Ne5 Bxa4 27. Nxf7 Bb5 28. Nxh6+ gxh6 29. Qf3 Qe6 30. Rfd1 Rf8 31. Qf4 Ng4 32. Bxe4 Qxe4 33. Rxd5 Rxf4 0-1


[Site "https://www.chess.com"]

[Event "Titled Tuesday Blitz March 22 Early 2022"]
[White "Dreev, Aleksey"]
[Black "Griffith, Kyron"]
[WhiteFideId "4100107"]
[BlackFideId "2046318"]
[WhiteElo "2625"]
[BlackElo "2232"]
[Result "1-0"]
[Round "09"]
[TimeControl "180+1"]
[Date "2022.03.22"]
[WhiteClock "0:00:10"]
[BlackClock "0:00:02"]

1. d4 Nf6 2. c4 g6 3. Nc3 Bg7 4. e4 d6 5. Bd3 O-O 6. Nge2 c5 7. d5 e6 8. O-O exd5 9. exd5 a6 10. Bf4 Nh5 11. Be3 Re8 12. Qd2 Nd7 13. f4 Ndf6 14. h3 Bf5 15. Bxf5 gxf5 16. Rae1 Qd7 17. Kh2 b5 18. b3 b4 19. Nd1 Ne4 20. Qc2 Qe7 21. Bg1 Qh4 22. Ne3 Neg3 23. Rf3 Nxe2 24. Rxe2 Nxf4 25. Bf2 Qg5 26. Rg3 Qf6 27. Re1 Re5 28. Rf3 Qg5 29. Bg3 Nh5 30. Bxe5 Bxe5+ 31. Kh1 Ng3+ 32. Kg1 Bd4 33. Kh2 Be5 34. Nxf5 Ne4+ 35. Kh1 Ng3+ 36. Nxg3 Bxg3 37. Ref1 Be5 38. Qe4 Re8 39. Rxf7 Qg3 40. Qxh7# 1-0


[Site "https://www.chess.com"]

[Event "Titled Tuesday Blitz March 22 Early 2022"]
[White "Dwilewicz, Katarzyna"]
[Black "Ferreira, Vitor Hugo Vieira"]
[WhiteFideId "1148486"]
[BlackFideId "2119765"]
[WhiteElo "1907"]
[BlackElo "2165"]
[Result "1/2-1/2"]
[Round "09"]
[TimeControl "180+1"]
[Date "2022.03.22"]
[WhiteClock "0:00:05"]
[BlackClock "0:00:07"]

1. e4 c5 2. Nf3 d6 3. d4 cxd4 4. Nxd4 Nf6 5. Nc3 a6 6. a4 e5 7. Nf3 Be7 8. Bc4 O-O 9. O-O Be6 10. Bb3 Nbd7 11. Qe2 h6 12. Rd1 Bxb3 13. cxb3 Qb6 14. Rd3 Nc5 15. Be3 Rfd8 16. h3 Qc6 17. Bxc5 dxc5 18. Nxe5 Qe6 19. Nc4 b5 20. axb5 axb5 21. Rxa8 Rxa8 22. Nxb5 Qxe4 23. Qxe4 Nxe4 24. Re3 Ra1+ 25. Kh2 f5 26. f3 Bg5 27. Rxe4 fxe4 28. fxe4 Re1 29. Nc3 h5 30. g3 h4 31. gxh4 Bxh4 32. Kg2 Bf6 33. Kf3 Bd4 34. Nb5 Bg1 35. e5 Kf8 36. Nc7 Bh2 37. Kf2 Re4 38. Kf3 Re1 39. Kf2 Rb1 40. Ne6+ Kf7 41. Nxc5 Rc1 42. Nd3 Rc2+ 43. Kf3 Ke6 44. Ne3 Rc8 45. Ng4 Rf8+ 46. Ke4 Bg3 47. Nc5+ Ke7 48. Nd3 g5 49. b4 Rc8 50. Nc5 Be1 51. Nf6 Bxb4 52. Nd5+ Kf7 53. e6+ Ke8 54. Nb7 Be7 55. b4 Rc4+ 56. Ke5 Rc1 57. b5 Re1+ 58. Kd4 Rd1+ 59. Kc4 Rc1+ 60. Nc3 Bf6 61. Nd6+ Ke7 62. Ne4 Bxc3 63. Nxc3 Kxe6 64. Kb4 Rc2 65. b6 Rb2+ 66. Kc5 Kf5 67. Nb5 Rc2+ 68. Kd6 Rc8 69. Kd7 Rg8 70. b7 Kf4 71. Nd6 Rb8 72. Kc7 Rxb7+ 73. Kxb7 Kg3 74. Nf5+ Kxh3 75. Kc6 g4 76. Kd5 Kg2 77. Ne3+ Kf3 78. Nxg4 1/2-1/2


[Site "https://www.chess.com"]